 Dungeon Crawl Stone Soup version 0.21.1-1-g345015fe64 (webtiles) character file.

57 Ivernyr the Insei (level 4, -3/21 HPs)
             Began as a Vine Stalker Transmuter on Apr 14, 2018.
             Slain by an iron imp (4 damage)
             ... summoned by Natasha
             ... on level 2 of the Dungeon.
             The game lasted 00:05:00 (1599 turns).

Ivernyr the Insei (Vine Stalker Transmuter)         Turns: 1599, Time: 00:05:02

Health: -3/21      AC:  3    Str: 13    XL:     4   Next: 0%
Magic:  0/8        EV: 12    Int: 14    God:
Gold:   72         SH:  0    Dex: 14    Spells: 4/7 levels left

rFire    . . .     SeeInvis .     - Unarmed
rCold    . . .     Gourm    .   (no shield)
rNeg     . . .     Faith    .   b - +0 robe
rPois    .         Spirit   +   g - +0 helmet
rElec    .         Reflect  .   (no cloak)
rCorr    .         Harm     .   (no gloves)
MR       .....                  (boots currently unavailable)
Stlth    +.........             (no amulet)
HPRegen  0.47/turn              (no ring)
MPRegen  0.11/turn              (no ring)

@: appendage (expiring), slowed, very slow
A: fangs 2, talons 3, regeneration 1, magic shield, antimagic bite, no potion
heal 3, rot immunity
a: End Transformation


You were on level 2 of the Dungeon.
You were hungry.
You had grown temporary talons.
You visited 1 branch of the dungeon, and saw 2 of its levels.

You collected 72 gold pieces.

Inventory:

Missiles
 a - 12 arrows
Armour
 b - a +0 robe (worn)
 g - a +0 helmet (worn)
Scrolls
 e - a scroll of identify {unknown}
Potions
 f - a potion of berserk rage {unknown}
Books
 c - a book of Changes

   Spells                             Type                      Level
   a - Beastly Appendage              Transmutation                1
   b - Sticks to Snakes               Transmutation                2
   c - Spider Form                    Transmutation/Poison         3
   d - Ice Form                       Ice/Transmutation            4
   e - Blade Hands                    Transmutation                5
Comestibles
 d - 4 rations


   Skills:
 - Level 0.8 Fighting
 - Level 2.1 Dodging
 + Level 3.4 Unarmed Combat
 + Level 2.1 Spellcasting
 * Level 3.2 Transmutations


You had 4 spell levels left.
You knew the following spells:

 Your Spells              Type           Power        Failure   Level  Hunger
a - Beastly Appendage     Tmut           ##....       6%          1    #......
b - Sticks to Snakes      Tmut           ##......     10%         2    ###....


Dungeon Overview and Level Annotations

Branches:
Dungeon (2/15)

Altars:

Annotations:
D:2 Natasha


Innate Abilities, Weirdness & Mutations

You have extremely sharp teeth.
Your natural rate of healing is unusually fast.
When hurt, damage is shared between your health and your magic reserves.
Your bite disrupts and absorbs the magic of your enemies.
Potions cannot restore your health.
You are immune to rotting.
You have claws for feet.


Message History

Natasha barely misses you. The iron imp barely misses you.
The crimson imp blinks!
Natasha claws you. The iron imp misses you.
You hit Natasha. Your bite misses Natasha.
Natasha is moderately wounded.
The crimson imp blinks!
Natasha closely misses you. The iron imp misses you.
You hit Natasha.
Natasha is moderately wounded.
Natasha claws you!
* * * LOW HITPOINT WARNING * * *
The iron imp hits you but does no damage.
Natasha wildly gestures.
You feel troubled. Natasha barely misses you.
You hit Natasha. Your kick misses Natasha.
Natasha is heavily wounded.
Natasha extends her claws.
Natasha claws you.
* * * LOW HITPOINT WARNING * * *
The iron imp hits you.
You die...

#.#.# #...# ######## #<
#...# #......# #.
#.#'####......# #(
#......#......# #.
#......#......# #.
#..w5..###...## #.
#.#h#### #...# #.
#.#@######...######.
#.5......'...'......
#.#..#####...######.
#........#...######.
......#.###.#..........
####..#.# #†########.
#.##.### #.# ## #.#....
#.#
#.#...##+#+#########


You could see a worm, an iron imp, Natasha and a crimson imp.

Vanquished Creatures
  Robin (D:2)
  A worm (D:2)
  A dart slug (D:2)
  A leopard gecko (D:1)
  2 ball pythons (D:1)
  3 bats
  16 goblins
  5 hobgoblins
  A quokka (D:2)
  2 kobolds (D:1)
  A rat (D:1)
34 creatures vanquished.

Notes
Turn   | Place    | Note
-------+----------+-------------------------------------------
     0 | D:1      | Ivernyr the Vine Stalker Transmuter began the quest for the Orb.
     0 | D:1      | Reached XP level 1. HP: 9/9 MP: 4/4
   366 | D:1      | Reached XP level 2. HP: 10/14 MP: 4/6
  1069 | D:2      | Reached XP level 3. HP: 15/17 MP: 7/7
  1115 | D:2      | Noticed Robin
  1128 | D:2      | Killed Robin
  1582 | D:2      | Learned a level 2 spell: Sticks to Snakes
  1582 | D:2      | Noticed Natasha
  1592 | D:2      | Gained mutation: Your natural rate of healing is unusually fast. [Vine Stalker growth]
  1592 | D:2      | Reached XP level 4. HP: 20/21 MP: 6/8
  1599 | D:2      | HP: 1/21 [Natasha (1)]
  1599 | D:2      | Slain by an iron imp

Skill      XL: |  1  2  3 |
---------------+----------+-----
Dodging        | 2 |  2.1
Transmutations | 3 |  3.2
Fighting       | |  0.8
Unarmed Combat | |  3.4
Spellcasting   | |  2.1

Action                   |  1- 3 |  4- 6 || total
-------------------------+-------+-------++-------
Melee: Unarmed           |    82 |     7 ||    89
       Bite              |    17 |       ||    17
       Kick              |    16 |     1 ||    17
       Headbutt          |     3 |       ||     3
 Cast: Beastly Appendage |    17 |       ||    17
  Eat: Chunk             |     2 |       ||     2
Armor: Robe              |    17 |     1 ||    18
Dodge: Dodged            |    42 |     9 ||    51
